Map: [ESL] Cosmic Sapphire

Players

PappiJoe

  • Race: Protoss Protoss
  • Spawn Location: 5:00

Serral - Winner!

  • Race: Zerg Zerg
  • Spawn Location: 11:00

Event: HomeStory Cup XXII

VOD

Have the link to the VOD?

Description

Time

  • Played on: Dec. 15, 2022, 10:40 a.m.
  • Length: 3:23

All games in this series

Show
View Real Time Build Order
Export as new Build Order

PappiJoe Protoss 

Build Orders:  

Get SALT Encoding   

  12  0:00  Probe  
  13  0:12  Probe  
  14  0:28  Probe  
  15  0:31  Pylon  
  15  0:50  Gateway x2  
  15  0:58  Gateway  
  15  1:08  Gateway  
  15  1:14  Probe  
  16  1:24  Pylon  
  16  1:27  Probe  
  17  1:38  Zealot (Chrono Boost)  
  21  1:46  Zealot (Chrono Boost)  
  23  1:52  Zealot (Chrono Boost)  
  23  1:55  Pylon  
  25  2:02  Zealot (Chrono Boost)  
  25  2:05  Zealot (Chrono Boost)  
  28  2:15  Zealot (Chrono Boost)  
  28  2:19  Zealot (Chrono Boost)  
  30  2:41  Pylon  
  30  2:44  Zealot  
  30  2:46  Zealot  
  30  2:50  Zealot  
Show
View Real Time Build Order
Export as new Build Order

Serral Zerg - Winner!

Build Orders: Pool First 

Get SALT Encoding   

  12  0:00  Drone  
  13  0:12  Overlord  
  13  0:16  Drone  
  14  0:30  Drone x2  
  14  0:34  Drone  
  17  0:43  Spawning Pool  
  16  1:04  Drone  
  16  1:08  Hatchery  
  16  1:12  Drone  
  17  1:26  Extractor  
  17  1:29  Queen  
  17  1:30  Zergling x4  
  20  1:37  Zergling x2  
  21  1:42  Roach Warren  
  20  1:50  Drone  
  21  1:57  Overlord  
  22  2:09  Spine Crawler  
  22  2:14  Queen  
  23  2:19  Zergling x4  
  23  2:20  Zergling x2  
  26  2:25  Zergling x2  
  26  2:33  Zergling x2  
  27  2:40  Zergling x4  
  27  2:48  Zergling x2  
  27  2:58  Zergling x2  
  27  2:59  Zergling x2  
Tags
 
Add a new tag
Caveats
  • Supply blocks, unpowered buildings, or Contaminate may cause inaccurate times.
  • Supply counts are checked every 10 seconds.